 Dungeon Crawl Stone Soup version 0.23.0-3-gf3c87f2 (webtiles) character file.

Game seed: 18426379063375040789

77 Scud the Sneak (level 4, 0/23 HPs)
             Began as a Spriggan Assassin on Feb 23, 2019.
             Killed from afar by Natasha (3 damage)
             ... with a magic dart
             ... on level 2 of the Dungeon.
             The game lasted 00:08:19 (2524 turns).

Scud the Sneak (Spriggan Assassin)                  Turns: 2524, Time: 00:08:19

Health: 0/23       AC:  3    Str:  7    XL:     4   Next: 14%
Magic:  5/5        EV: 18    Int: 12    God:
Gold:   91         SH:  0    Dex: 18    Spells: 3/3 levels left

rFire    . . .     SeeInvis +   a - +2 dagger
rCold    . . .     Gourm    .   (shield restricted)
rNeg     . . .     Faith    .   c - +0 robe
rPois    .         Spirit   .   (helmet restricted)
rElec    .         Reflect  .   d - +0 cloak
rCorr    .         Harm     .   (gloves unavailable)
MR       .....                  (boots unavailable)
Stlth    ++++......             (no amulet)
HPRegen  0.07/turn              (no ring)
MPRegen  0.09/turn              (no ring)

@: slowed, quick
A: very small, unfitting armour, see invisible, herbivore, speed 3, slow
metabolism 2
a: no special abilities


You were on level 2 of the Dungeon.
You were not hungry.

You visited 1 branch of the dungeon, and saw 2 of its levels.

You collected 91 gold pieces.

Inventory:

Hand Weapons
 a - a +2 dagger (weapon)
 b - a +0 blowgun
Missiles
 e - 8 poisoned needles
Armour
 c - a +0 robe (worn)
 d - a +0 cloak (worn)
Jewellery
 l - an uncursed amulet of magic regeneration {unknown}
Scrolls
 i - 2 scrolls of identify {unknown}
 k - a scroll of amnesia {unknown}
 m - a scroll of blinking {unknown}
 n - a scroll of random uselessness {unknown}
 o - 2 scrolls of remove curse {unknown}
 s - 3 scrolls of magic mapping {unknown}
Potions
 h - a potion of invisibility {unknown}
 j - a potion of degeneration {unknown}
 p - a potion of agility {unknown}
 q - a potion of brilliance {unknown}
 r - a potion of might {unknown}
Comestibles
 g - 4 rations


   Skills:
 + Level 1.7 Fighting
 + Level 3.2 Short Blades
 + Level 2.1 Throwing
 + Level 2.5 Dodging
 + Level 7.2 Stealth


You had 3 spell levels left.
You didn't know any spells.
Your spell library was empty.

Dungeon Overview and Level Annotations

Branches:
Dungeon (2/15)

Altars:

Annotations:
D:2 Natasha, Terence


Innate Abilities, Weirdness & Mutations

You are very small and have problems with some larger weapons.
You are too small for most types of armour.
You have supernaturally acute eyesight. (SInv)
You are a herbivore.
You cover ground extremely quickly.
You need to consume almost no food.


Message History

Natasha is moderately wounded.
Natasha closely misses you.
You hit Natasha.
Natasha is severely wounded.
Natasha claws you.
* * * LOW HITPOINT WARNING * * *
Natasha completely misses you.
You hit Natasha.
Natasha is almost dead.
Natasha barely misses you.
You hit Natasha but do no damage.
Natasha is almost dead.
Natasha claws you.
* * * LOW HITPOINT WARNING * * *
You hit Natasha.
Natasha is almost dead.
Natasha completely misses you.
Natasha stares at you and mumbles some strange words.
The magic dart hits you.
You die...

# # .#. ....
#.#.# #..#
##^#.# #..##
.##.#.# <...
###.##.#.#
#(.#
....##.#.#.#
##..#
#.####.#.#.#
#.h.#
##.##..#.#.#
#.@#
#.###.##.#.#
#..#
.##......#.#
#..#######
.##).....#.#
#.%.......
.........#.#
#.########
###........#
#.#
#.....####
#†# ###(#.#
#.# #.#.#
#.#


You could see Natasha.

Vanquished Creatures
  2 adders (D:2)
  2 dart slugs (D:1)
  2 leopard geckos
  6 bats
  6 giant cockroaches
  2 goblins (D:2)
  6 hobgoblins
  6 jackals
  2 ball pythons (D:2)
  3 frilled lizards
  8 kobolds
  8 rats
53 creatures vanquished.

Notes
Turn   | Place    | Note
-------+----------+-------------------------------------------
     0 | D:1      | Scud the Spriggan Assassin began the quest for the Orb.
     0 | D:1      | Reached XP level 1. HP: 10/10 MP: 2/2
    21 | D:1      | Reached skill level 6 in Stealth
   148 | D:1      | Reached XP level 2. HP: 11/14 MP: 3/3
   920 | D:1      | Reached XP level 3. HP: 18/18 MP: 4/4
  1209 | D:2      | Reached skill level 7 in Stealth
  1453 | D:2      | Reached XP level 4. HP: 23/23 MP: 5/5
  1514 | D:2      | Noticed Terence
  2366 | D:2      | Noticed Natasha
  2524 | D:2      | Killed from afar by Natasha

Skill      XL: |  1  2  3 |
---------------+----------+-----
Stealth        | 6 7 |  7.2
Dodging        | 2 |  2.5
Short Blades   | 3 |  3.2
Fighting       | |  1.7
Throwing       | |  2.1

Action                   |  1- 3 |  4- 6 || total
-------------------------+-------+-------++-------
Melee: Dagger            |   136 |    37 ||   173
 Stab: Sleeping          |    19 |     2 ||    21
       Distracted        |     1 |       ||     1
Armor: Robe              |    16 |     3 ||    19
Dodge: Dodged            |    78 |    33 ||   111
